 Dungeon Crawl Stone Soup version 0.25-a0-435-g4b9beb1 (webtiles) character file.

Game seed: 8347491117942108201, levelgen mode: deterministic

238 2tousent the Sneak (level 6, 0/36 HPs)
             Began as an Octopode Enchanter on Jan 28, 2020.
             Slain by an orc
             ... wielding a +0 mace
              (4 damage)
             ... on level 3 of the Dungeon on Jan 29, 2020.
             The game lasted 00:07:09 (1631 turns).

2tousent the Sneak (Octopode Enchanter)             Turns: 1631, Time: 00:07:10

Health: 0/36       AC:  1    Str:  8    XL:     6   Next: 7%
Magic:  9/9        EV: 18    Int: 17    God:
Gold:   89         SH:  4    Dex: 19    Spells: 1/9 levels left

rFire    . . .     SeeInvis .   e - +4 dagger
rCold    . . .     Gourm    .   o - +0 buckler
rNeg     . . .     Faith    .   (helmet restricted)
rPois    .         Spirit   .   (no amulet)
rElec    .         Reflect  .   (no ring)
rCorr    .         Harm     .   (no ring)
MR       .....                  (no ring)
Stlth    +++++.....             (no ring)
HPRegen  0.12/turn              (no ring)
MPRegen  0.11/turn              (no ring)
                                (no ring)
                                (no ring)

@: agile
A: almost no armour, stealthy swim, amphibious, 8 rings, constrict 8, camouflage
1, gelatinous body 1
a: no special abilities


You were on level 3 of the Dungeon.
You were hungry.

You visited 1 branch of the dungeon, and saw 3 of its levels.

You collected 89 gold pieces.

Inventory:

Hand Weapons
 a - a +1 dagger
 e - a +4 dagger (weapon)
Armour
 h - a +1 shield
 o - a +0 buckler (worn)
Wands
 p - a wand of acid (9)
Scrolls
 b - 4 scrolls of remove curse
 i - a scroll of teleportation
 m - 2 scrolls of magic mapping
Potions
 d - a potion of flight
 f - a potion of resistance
 j - a potion of degeneration
Comestibles
 c - a ration


   Skills:
 + Level 3.2 Short Blades
 - Level 2.0 Dodging
 + Level 6.1 Stealth
 + Level 1.2 Shields
 - Level 2.0 Spellcasting
 + Level 4.3 Hexes


You had one spell level left.
You knew the following spells:

 Your Spells              Type           Power        Failure   Level  Hunger
a - Confusing Touch       Hex            ###.....     14%         3    ###....
b - Ensorcelled Hibernat  Hex/Ice        #.....       17%         2    ###....
c - Tukima's Dance        Hex            ###.....     14%         3    ###....

Your spell library contained the following spells:

 Spells                   Type           Power        Failure   Level  Hunger
 Corona                   Hex            ###....      4%          1    #......
 Dazzling Flash           Conj/Hex       #.....       32%         3    ###....


Dungeon Overview and Level Annotations

Branches:
Dungeon (3/15)

Altars:


Innate Abilities, Weirdness & Mutations

You cannot wear most types of armour.
You are very stealthy in the water. (Stealth+)
You are amphibious.
You can wear up to eight rings at the same time.
You can use your tentacles to constrict eight enemies at once.
Your skin changes colour to match your surroundings (Stealth+).
Your rubbery body absorbs attacks. (AC +1, EV +1)


Message History

The orc wizard gestures wildly while chanting.
The orc wizard flickers and vanishes!
Deactivating autopickup; reactivate with Ctrl-A.
The orc misses you.
The orc suddenly roars.
The orc hits you with a +0 hand axe.
Unknown command.
Your shield prevents you from hitting the orc.
You grab the orc. You constrict something. You constrict the orc.
The orc hits you with a +0 dagger.
* * * LOW HITPOINT WARNING * * *
Something hits you.
* * * LOW HITPOINT WARNING * * *
The orc completely misses you.
You hit the orc.
The orc is severely wounded.
You constrict something. You constrict the orc.
You kill the orc!
The orc hits you with a +0 mace.
You die...

........<.............♣♣
..(.##.#......##(##..#.#
...###....##....... ###
#####........###.
....#..#.##./....
#............J....
.....##$#J##..#K#.
........oo# ...#
..#####.#@# #.# #
#...o){# .. #......# .
#......# #......#
..♣♣♣♣### #


You could see an ooze and 3 orcs.

Vanquished Creatures
  A necrophage (D:2)
  A centaur (D:3)
  A gnoll (D:1)
  A worm (D:2)
  2 orcs (D:3)
  8 bats
  4 giant cockroaches
  6 goblins
  3 hobgoblins
  6 jackals (D:1)
  9 kobolds
  A quokka (D:2)
  3 frilled lizards
  10 rats
56 creatures vanquished.

Notes
Turn   | Place    | Note
-------+----------+-------------------------------------------
     0 | D:1      | 2tousent the Octopode Enchanter began the quest for the
                  | Orb.
     0 | D:1      | Reached XP level 1. HP: 11/11 MP: 3/3
    10 | D:1      | Reached XP level 2. HP: 17/17 MP: 5/5
   138 | D:1      | Learned a level 2 spell: Ensorcelled Hibernation
   161 | D:1      | Reached XP level 3. HP: 17/21 MP: 6/6
   987 | D:2      | Noticed a necrophage
   995 | D:2      | Killed a necrophage
   995 | D:2      | Reached skill level 5 in Stealth
   995 | D:2      | Reached XP level 4. HP: 13/27 MP: 7/7
   995 | D:2      | Reached XP level 5. HP: 15/31 MP: 8/8
  1532 | D:2      | Learned a level 3 spell: Confusing Touch
  1536 | D:2      | Learned a level 3 spell: Tukima's Dance
  1611 | D:3      | Noticed a centaur
  1621 | D:3      | Killed a centaur
  1621 | D:3      | Reached skill level 6 in Stealth
  1621 | D:3      | Reached skill level 1 in Shields
  1621 | D:3      | Reached XP level 6. HP: 25/36 MP: 4/9
  1631 | D:3      | Slain by an orc

Levels and vault maps discovered:
D:1:      scummos_arrival_star, layout_basic, st_stairs_5
D:2:      layout_rooms
D:3:      layout_basic, first_ration, serial_forest, infiniplex_forest_end_2,
          infiniplex_forest_3_way, infiniplex_forest_clump_diagonal,
          infiniplex_forest_clump_curved, kennysheep_boxes

Skill      XL: |  1  2  3  4  5 |
---------------+----------------+-----
Short Blades   | 2 3 |  3.2
Stealth        | 5 6 |  6.1
Hexes          | 4 |  4.3
Shields        | 1 |  1.2
Dodging        | |  2.0
Spellcasting   | |  2.0

Action                   |  1- 3 |  4- 6 || total
-------------------------+-------+-------++-------
Melee: Dagger            |    81 |    35 ||   116
       Tentacles         |    13 |     4 ||    17
       Constrict         |    17 |     9 ||    26
 Cast: Ensorcelled Hiber |     6 |     5 ||    11
  Use: Scroll            |     8 |     2 ||    10
       Potion            |       |     3 ||     3
 Stab: Sleeping          |    11 |    11 ||    22
  Eat: Chunk             |       |     2 ||     2
Armor: Skin              |    10 |     3 ||    13
Dodge: Dodged            |    52 |    26 ||    78
Block: Buckler           |       |     4 ||     4

Table legend:
 A = Non-vault XP
 B = Vault XP
 C = Vault XP percentage of total XP
 D = Non-vault monster count
 E = Vault monster count
 F = Vault count percentage of total count
                 A         B        C        D         E       F
            +---------+---------+-------+---------+---------+-------
      Total |     338 |       2 |   0.6 |      54 |       2 |   3.6
            +---------+---------+-------+---------+---------+-------
        D:1 |      61 |       2 |   3.2 |      28 |       2 |   6.7
        D:2 |     151 |       0 |   0.0 |      19 |       0 |   0.0
        D:3 |     126 |       0 |   0.0 |       7 |       0 |   0.0
            +---------+---------+-------+---------+---------+-------
